 Dungeon Crawl Stone Soup version 0.21-a0-348-ga060c75 (webtiles) character file.

138 4thArraOfDagon the Skirmisher (level 5, -1/43 HPs)
             Began as a Mummy Monk on Oct 6, 2017.
             Was a Believer of Okawaru.
             Slain by a kobold (2 damage)
             ... on level 3 of the Dungeon.
             The game lasted 00:04:42 (1003 turns).

4thArraOfDagon the Skirmisher (Mummy Monk)          Turns: 1003, Time: 00:04:42

Health: -1/43      AC:  7    Str: 14    XL:     5   Next: 1%
Magic:  1/5        EV: 13    Int: 10    God:    Okawaru [**....]
Gold:   90         SH:  0    Dex: 15    Spells: 4/4 levels left

rFire    x . .     SeeInvis .   a - +0 mace
rCold    + + .     Gourm    .   (no shield)
rNeg     + + +     Faith    .   g - +0 scale mail
rPois    ∞         Spirit   .   (no helmet)
rElec    .         Reflect  .   (no cloak)
rCorr    .         Harm     .   (no gloves)
MR       .....                  (no boots)
Stlth    ++........             (no amulet)
HPRegen  0.14/turn              h - ring of protection from cold
MPRegen  0.09/turn              (no ring)

@: heroism
A: no food or potions, fire vulnerability, cold resistance 1, negative energy
resistance 3, torment resistance, unbreathing
a: Heroism, Renounce Religion


You were on level 3 of the Dungeon.
You worshipped Okawaru.
Okawaru was pleased with you.
You were not hungry.

You visited 1 branch of the dungeon, and saw 3 of its levels.

You collected 90 gold pieces.

Inventory:

Hand Weapons
 a - a +0 mace (weapon)
Armour
 b - a +0 robe
 f - a +0 ring mail
 g - a +0 scale mail (worn)
Jewellery
 h - a ring of protection from cold (left hand)
Scrolls
 c - a scroll of random uselessness {unknown}
 d - 2 scrolls of identify {unknown}
 e - a scroll of teleportation {unknown}
 i - a scroll of magic mapping {unknown}


   Skills:
 + Level 4.9(9.9) Fighting
 * Level 2.8(7.8) Maces & Flails
 + Level 0.7(5.7) Armour
 + Level 2.6(7.6) Dodging
 - Level 1.5(6.5) Stealth
 + Level 0.8 Invocations


You had 4 spell levels left.
You didn't know any spells.

Dungeon Overview and Level Annotations

Branches:
Dungeon (3/15)

Altars:
Dithmenos
Okawaru


Innate Abilities, Weirdness & Mutations

You do not eat or drink.
Your flesh is vulnerable to fire.
You are immune to poison.
Your flesh is cold resistant. (rC+)
You are immune to negative energy. (rN+++)
You are immune to unholy pain and torment.
You can survive without breathing.


Message History

The orc hits you.
* * * LOW HITPOINT WARNING * * *
Unknown command.
You barely miss the orc.
The orc is almost dead.
The orc closely misses you.
Unknown command.
You sock the orc!
You kill the orc!
Okawaru accepts your kill.
You have reached level 5!
You feel agile.
You miss the kobold. The kobold hits you.
* * * LOW HITPOINT WARNING * * *
Unknown command.
Unknown command.
You hit the kobold but do no damage. The crimson imp puffs mist at you.
The kobold hits you.
You die...

....... ...... ....# .....
.... .. #... #+#...
..##...####....# #.
.?....5...#....# ###.
........#.#....# .. ... ...
.......w#.#..$.##.# #....#..
.......(#)#@# #.# #(...#..
........#.#K#+###.# #....#..
.......K#.#ro.(.#.###....#..
.>.....or.w5....+......w....
........#.#.....#.#.#.####w.
........#.#[....'...#.####..
........#.#.....#.##..#.##..
........#.#.#+###......g.#..
........#.#.# ###.##.....(..


You could see a worm, a crimson imp, an orc, a kobold and a rat.

Vanquished Creatures
  Terence (D:2)
  An orc wizard (D:3)
  3 adders
  An ooze (D:1)
  A leopard gecko (D:1)
  An orc (D:3)
  A ball python (D:2)
  4 giant cockroaches
  12 goblins
  10 hobgoblins
  7 bats
  A frilled lizard (D:1)
  6 kobolds
  6 rats
55 creatures vanquished.

Notes
Turn   | Place    | Note
-------+----------+-------------------------------------------
     0 | D:1      | 4thArraOfDagon the Mummy Monk began the quest for the Orb.
     0 | D:1      | Reached XP level 1. HP: 18/18 MP: 1/1
   217 | D:1      | Reached XP level 2. HP: 20/24 MP: 2/2
   302 | D:1      | Reached skill level 4 in Fighting
   392 | D:1      | Reached XP level 3. HP: 12/30 MP: 3/3
   525 | D:2      | Found a shadowy altar of Dithmenos.
   560 | D:2      | Found an iron altar of Okawaru.
   577 | D:2      | Became a worshipper of Warmaster Okawaru
   577 | D:2      | Reached * piety under Okawaru
   577 | D:2      | Reached ** piety under Okawaru
   701 | D:2      | Noticed Terence
   713 | D:2      | Killed Terence
   713 | D:2      | Reached XP level 4. HP: 10/38 MP: 1/4
  1001 | D:3      | Reached XP level 5. HP: 4/43 MP: 1/5
  1002 | D:3      | HP: 1/43 [kobold (3)]
  1003 | D:3      | Slain by a kobold

Vault maps used:
D:1:      mainiacjoe_arrival_reflecting_pool
D:2:      okawaru_trees_2, nicolae_dithmenos_shadow_blocks, uniq_robin,
          uniq_terence

Skill      XL: |  1  2 |
---------------+-------+-----
Fighting       | 4 |  4.9
Maces & Flails | |  2.8
Armour         | |  0.7
Dodging        | |  2.6
Stealth        | |  1.5
Invocations    | |  0.8

Action                   |  1- 3 |  4- 6 || total
-------------------------+-------+-------++-------
Melee: Mace              |   139 |    49 ||   188
Invok: Heroism           |     2 |     3 ||     5
 Stab: Sleeping          |     2 |       ||     2
Armor: Robe              |    13 |       ||    13
       Ring mail         |    36 |       ||    36
       Scale mail        |       |    25 ||    25
Dodge: Dodged            |   110 |    32 ||   142

Table legend:
 A = Spawn XP
 B = Non-spawn XP
 C = Spawn XP percentage of total XP
 D = Spawn monster count
 E = Non-spawn monster count
 F = Spawn count percentage of total count
 G = Total turns spent on level
                    A         B        C        D         E        F      G
               +---------+---------+-------+---------+---------+-------+---------
         Total |       0 |     198 |   0.0 |       0 |      55 |   0.0 |  1003
               +---------+---------+-------+---------+---------+-------+---------
           D:1 |       0 |      42 |   0.0 |       0 |      23 |   0.0 |   412
           D:2 |       0 |      82 |   0.0 |       0 |      23 |   0.0 |   496
           D:3 |       0 |      74 |   0.0 |       0 |       9 |   0.0 |    95
               +---------+---------+-------+---------+---------+-------+---------
